 Dungeon Crawl Stone Soup version 0.18-a0-1109-gfc003ac (webtiles) character file.

161 sugabear the Cudgeler (level 5, 0/27 HPs)
             Began as a Vine Stalker Gladiator on Jan 16, 2016.
             Succumbed to a worker ant's poison
             ... on level 3 of the Dungeon.
             The game lasted 00:02:25 (2052 turns).

sugabear the Cudgeler (Vine Stalker Gladiator)      Turns: 2052, Time: 00:02:25

Health: 0/27       AC:  6    Str: 19    XL:     5   Next: 42%
Magic:  1/6        EV: 12    Int:  8    God:
Gold:   109        SH:  0    Dex: 14    Spells: 0 memorised, 4 levels left

rFire  . . .     SeeInvis .     a - +0 flail
rCold  . . .     Gourm    .     l - +0 ring mail
rNeg   . . .     Faith    .     (no shield)
rPois  .         Spirit   +     c - +0 helmet
rElec  .         Dismiss  .     (no cloak)
rCorr  .         Reflect  .     (no gloves)
SustAt .         Harm     .     (no boots)
MR     .....                    (no amulet)
Stlth  +.........               (no ring)
                                (no ring)

@: lethally poisoned (0 -> -12), not resistant to hostile enchantments, very
unstealthy
A: fangs 2, regeneration 1, magic shield, antimagic bite, no device heal 3, rot
immunity
a: no special abilities


You were on level 3 of the Dungeon.
You were not hungry.

You visited 1 branch of the dungeon, and saw 3 of its levels.

You collected 109 gold pieces.

Inventory:

Hand Weapons
 a - a +0 flail (weapon)
Missiles
 d - 3 throwing nets (quivered)
Armour
 b - a +0 leather armour
 c - a +0 helmet (worn)
 l - a +0 ring mail (worn)
Scrolls
 e - 2 scrolls of teleportation {unknown}
 g - 2 scrolls of remove curse {unknown}
 j - 2 scrolls of random uselessness {unknown}
 m - a scroll of identify {unknown}
 n - a scroll of amnesia {unknown}
 o - a scroll of magic mapping {unknown}
 q - a scroll of fear {unknown}
Potions
 h - a potion of cancellation {unknown}
 i - a potion of heal wounds {unknown}
 k - 4 potions of curing {unknown}
 p - a potion of lignification {unknown}
 r - a potion of brilliance {unknown}
Comestibles
 f - 3 bread rations
 s - 2 chunks of flesh


   Skills:
 + Level 2.4 Fighting
 + Level 3.6 Maces & Flails
 + Level 2.0 Throwing
 + Level 1.7 Armour
 + Level 3.3 Dodging


You had 4 spell levels left.
You didn't know any spells.

Dungeon Overview and Level Annotations

Branches:
Dungeon (3/15)

Altars:
Nemelex Xobeh


Innate Abilities, Weirdness & Mutations

You have extremely sharp teeth.
Your natural rate of healing is unusually fast.
When hurt, damage is shared between your health and your magic reserves.
Your bite disrupts and absorbs the magic of your enemies.
Potions and wands cannot restore your health.
You are immune to rotting.


Message History

The worker ant is severely wounded.
You feel sick. The worker ant bites you. x2
You are more poisoned.
The worker ant poisons you!
You barely miss the worker ant.
The worker ant is severely wounded.
You feel sick. The worker ant bites you.
* * * LOW HITPOINT WARNING * * *
You are too injured to fight recklessly!
You are too injured to fight recklessly!
You are too injured to fight recklessly!
You barely miss the worker ant. Your bite misses the worker ant.
The worker ant is severely wounded.
You feel sick. The worker ant bites you.
* * * LOW HITPOINT WARNING * * *
You are more poisoned.
The worker ant poisons you!
You hit the worker ant.
You kill the worker ant!
You die...

# ### #........#
###.## #.)....#.#
##...## ##...#.#.#
#..)..####..##.#.#
............##.#.#
###.######.###.#.#
#.# #.# #.#.# #.#
#.# #.#.# ##'##
#.. ..#@# ##...##
###.....†.#
#.....## #.#.....#
.......# ...#.#.#
.......>#
#...#.#.#
........+
..........
........####.. ###
## .......## #..
#)....##


There were no monsters in sight!

Vanquished Creatures
  An orc priest (D:3)
  A worker ant (D:3)
  4 adders (D:2)
  An ooze (D:2)
  2 worms (D:2)
  2 giant geckos (D:1)
  6 bats
  5 giant cockroaches
  8 hobgoblins
  2 jackals (D:1)
  6 giant newts
  8 goblins
  8 kobolds
  5 rats
59 creatures vanquished.

Notes
Turn   | Place    | Note
--------------------------------------------------------------
     0 | D:1      | sugabear the Vine Stalker Gladiator began the quest for the Orb.
     0 | D:1      | Reached XP level 1. HP: 11/11 MP: 2/2
    93 | D:1      | Reached XP level 2. HP: 12/15 MP: 3/3
   273 | D:1      | Reached skill level 3 in Maces & Flails
   632 | D:1      | Reached XP level 3. HP: 18/18 MP: 4/4
  1065 | D:2      | Reached XP level 4. HP: 16/23 MP: 5/5
  1072 | D:2      | Reached skill level 1 in Armour
  1180 | D:2      | Found a sparkling altar of Nemelex Xobeh.
  1912 | D:3      | Reached XP level 5. HP: 21/26 MP: 6/6
  2051 | D:3      | HP: 1/26 [worker ant (4)]
  2052 | D:3      | Succumbed to a worker ant's poison

Vault maps used:
D:1:      minmay_arrival_solitary_statue
D:2:      nemelex_deck, first_bread, kennysheep_generic_room_7

Action                   |  1- 3 |  4- 6 || total
-------------------------+-------+-------++-------
Melee: Flail             |    91 |    65 ||   156
 Stab: Sleeping          |     2 |       ||     2
  Eat: Chunk             |     1 |     3 ||     4
